 Dungeon Crawl Stone Soup version 0.24.0-29-g8ce449bc06 (webtiles) character file.

Game seed: 13190771506652622168, levelgen mode: deterministic

447 Matador8 the Cudgeler (level 7, -8/61 HPs)
             Began as a Naga Warper on Nov 16, 2019.
             Was a Follower of Uskayaw.
             Killed from afar by an orc wizard (11 damage)
             ... with a puff of flame
             ... on level 4 of the Dungeon.
             The game lasted 00:22:50 (6091 turns).

Matador8 the Cudgeler (Naga Warper)                 Turns: 6091, Time: 00:22:51

Health: -8/61      AC:  3    Str: 15    XL:     7   Next: 3%
Magic:  10/10      EV: 15    Int: 14    God:    Uskayaw [*.....]
Gold:   215        SH:  0    Dex: 15    Spells: 8/10 levels left

rFire    . . .     SeeInvis +   a - +0 mace
rCold    . . .     Gourm    .   (no shield)
rNeg     . . .     Faith    .   b - +0 leather armour
rPois    +         Spirit   .   (no helmet)
rElec    .         Reflect  .   (no cloak)
rCorr    .         Harm     .   (no gloves)
MR       .....                  (no barding)
Stlth    ++++......             (no amulet)
HPRegen  0.20/turn              (no ring)
MPRegen  0.12/turn              (no ring)

@: agile, short of breath, very slightly contaminated, very slow
A: large, see invisible, deformed body, poison resistance, slowness 2, slow
metabolism 1, spit poison 1, AC +2
a: Spit Poison, Stomp, Renounce Religion


You were on level 4 of the Dungeon.
You worshipped Uskayaw.
Uskayaw was noncommittal.
You were not hungry.

You visited 1 branch of the dungeon, and saw 4 of its levels.

You collected 215 gold pieces.

Inventory:

Hand Weapons
 a - a +0 mace (weapon)
 r - a +1 rapier of draining
Missiles
 c - 11 poisoned darts (quivered)
 e - 4 boomerangs of dispersal
Armour
 b - a +0 leather armour (worn)
 x - a +1 scale mail of positive energy
Jewellery
 i - an uncursed amulet of magic regeneration {unknown}
 m - a +4 ring of intelligence {unknown}
 s - a +2 ring of dexterity {unknown}
 t - an uncursed amulet of rage {unknown}
 w - a cursed ring of attention {unknown}
Wands
 z - a wand of paralysis (8)
Scrolls
 g - a scroll of random uselessness {unknown}
 k - a scroll of teleportation {unknown}
 l - a scroll of immolation {unknown}
 n - a scroll of fog {unknown}
 p - 2 scrolls of remove curse {unknown}
 u - 3 scrolls of amnesia
 y - 2 scrolls of identify {unknown}
Potions
 h - a potion of curing {unknown}
 j - a potion of mutation {unknown}
 o - a potion of agility
 q - 2 potions of resistance {unknown}
 v - a potion of degeneration {unknown}
Comestibles
 f - 11 rations


   Skills:
 - Level 2.5 Fighting
 - Level 5.6 Maces & Flails
 - Level 1.4 Throwing
 - Level 0.7 Armour
 - Level 1.5 Dodging
 + Level 4.5 Stealth
 - Level 2.0 Spellcasting
 - Level 4.0 Translocations
 + Level 0.0 Invocations


You had 8 spell levels left.
You knew the following spells:

 Your Spells              Type           Power        Failure   Level  Hunger
a - Blink                 Tloc           N/A          9%          2    ###....

Your spell library contained the following spells:

 Spells                   Type           Power        Failure   Level  Hunger
 Gell's Gravitas          Tloc           ##........   17%         3    ####...
 Lesser Beckoning         Tloc           ##........   17%         3    ####...
 Teleport Other           Tloc           ##......     17%         3    ####...
 Shroud of Golubria       Chrm/Tloc      #.....       19%         2    ###....
 Passage of Golubria      Tloc           N/A          50%         4    #####..


Dungeon Overview and Level Annotations

Branches:
Dungeon (4/15)             Temple (0/1) D:4

Altars:
Ashenzari
Hepliaklqana
Trog
Uskayaw
Wu Jian


Innate Abilities, Weirdness & Mutations

You cannot wear boots.
Your serpentine skin is tough. (AC +2)
You have supernaturally acute eyesight. (SInv)
Armour fits poorly on your strangely shaped body.
Your system is resistant to poisons. (rPois)
You cover ground very slowly.
You have a slow metabolism.
You can spit poison.


Message History

The orc wizard is severely wounded.
You feel slightly more hungry.
The orc priest looks more healthy.
The orc wizard gestures at you while chanting.
The puff of flame hits you!
* * * LOW HITPOINT WARNING * * *
The orc wizard gestures at you while chanting.
The magic dart hits you!
* * * LOW HITPOINT WARNING * * *
Blink to where?
Press: ? - help, Dir - move target cursor, p - orc wizard You are very lightly contaminated with residual magic.
As you read the scroll of blinking, it crumbles to dust.
The orc wizard looks satisfied for a moment.
The orc wizard mumbles some strange words.
The orc wizard flickers and vanishes for a moment.
It was a potion of agility.
You feel agile all of a sudden.
The orc wizard gestures at you while chanting.
The puff of flame hits you!
You die...

..### ##.##.#...## ..#####
#.##.#..## ......# #..#.#..#
......# #..#.##.#
......####..#.##.#
.........#....#..#
########.#.#..#..#
..#...[.<#.#..#..#
....####.#.##.#[@#
........[#.##.#..##
....≈≈###≈≈..
...###...#.##.##..##
....≈≈≈≈≈...
###..'.....##..#...##
.....≈.....
..####..............##
.......... ..#
##..............## %.......#
..#####.......#..#....##
.....≈#
..))............>.....o###'''#
..#.....................§.o..#


You could see an orc wizard (invisible).

Vanquished Creatures
  An ogre (D:4)
  A hound (D:4)
  Natasha (thrice) (D:4)
  An iguana (D:4)
  2 orc wizards (D:4)
  6 gnolls
  4 adders
  2 oozes
  An adder skeleton (D:4)
  2 worms
  3 leopard geckos
  3 orcs
  7 bats
  4 giant cockroaches (D:1)
  9 goblins
  5 hobgoblins
  4 jackals (D:2)
  A quokka (D:2)
  11 frilled lizards
  5 kobolds
  9 rats
84 creatures vanquished.

Notes
Turn   | Place    | Note
-------+----------+-------------------------------------------
     0 | D:1      | Matador8 the Naga Warper began the quest for the Orb.
     0 | D:1      | Reached XP level 1. HP: 19/19 MP: 3/3
    59 | D:1      | Reached skill level 1 in Throwing
   185 | D:1      | Reached XP level 2. HP: 26/26 MP: 5/5
   189 | D:1      | Learned a level 2 spell: Blink
   673 | D:1      | Reached skill level 3 in Maces & Flails
   863 | D:2      | Reached XP level 3. HP: 16/32 MP: 6/6
  1789 | D:2      | Reached XP level 4. HP: 29/39 MP: 7/7
  2911 | D:3      | Noticed a phantom
  3211 | D:3      | Found a shattered altar of Ashenzari.
  3248 | D:3      | Found a bloodstained altar of Trog.
  3531 | D:2      | Reached skill level 4 in Maces & Flails
  3744 | D:3      | Reached XP level 5. HP: 34/45 MP: 8/8
  3925 | D:3      | Found a hazy altar of Hepliaklqana.
  4406 | D:4      | Noticed Natasha
  4415 | D:4      | Killed Natasha
  4415 | D:4      | Reached skill level 1 in Stealth
  4593 | D:4      | Noticed Natasha
  4599 | D:4      | Killed Natasha
  4604 | D:4      | Noticed Natasha
  4735 | D:4      | Killed Natasha
  4813 | D:4      | Noticed an ogre
  4926 | D:4      | Found a hide-covered altar of Uskayaw.
  4926 | D:4      | Found an ornate altar of the Wu Jian Council.
  4931 | D:4      | Became a worshipper of Uskayaw the Reveler
  4975 | D:4      | Reached * piety under Uskayaw
  4987 | D:4      | Reached skill level 5 in Maces & Flails
  4987 | D:4      | Reached XP level 6. HP: 26/52 MP: 9/9
  4991 | D:4      | Reached ** piety under Uskayaw
  5294 | D:4      | Reached *** piety under Uskayaw
  5801 | D:4      | Found a staircase to the Ecumenical Temple.
  5811 | D:4      | Reached XP level 7. HP: 34/61 MP: 10/10
  6087 | D:4      | HP: 2/61 [orc wizard/magic dart (10)]
  6091 | D:4      | Killed from afar by an orc wizard

Levels and vault maps discovered:
D:1:      eino_arrival_tree_alley, layout_basic, roderic_nine_men_s_morris,
          chequers_serial_rivers_micro_a
D:2:      layout_loops_cross, first_ration
D:3:      layout_basic, lemuel_coloured_pillars_altar,
          nicolae_ashenzari_panopticon, lemuel_round_altar
D:4:      layout_basic, gammafunk_temple_overflow_elements, temple_green,
          kennysheep_donut, uniq_natasha

Skill      XL: |  1  2  3  4  5  6 |
---------------+-------------------+-----
Throwing       | 1 |  1.4
Maces & Flails | 3 4 5 |  5.6
Translocations | 4 |  4.0
Stealth        | 2 4 |  4.5
Fighting       | |  2.5
Armour         | |  0.7
Dodging        | |  1.5
Spellcasting   | |  2.0

Action                   |  1- 3 |  4- 6 |  7- 9 || total
-------------------------+-------+-------+-------++-------
Melee: Mace              |   106 |   156 |     9 ||   271
Throw: Dart              |       |    16 |     2 ||    18
       Boomerang         |       |     1 |       ||     1
 Cast: Blink             |       |     2 |     2 ||     4
Invok: Line Pass         |       |       |     1 ||     1
 Abil: Spit Poison       |    17 |    34 |     4 ||    55
  Use: Scroll            |       |     1 |     1 ||     2
       Potion            |       |       |     1 ||     1
 Stab: Confused          |       |       |     1 ||     1
  Eat: Chunk             |     3 |     7 |       ||    10
       Ration            |       |     1 |     1 ||     2
Armor: Leather armour    |    19 |    55 |     1 ||    75
Dodge: Dodged            |    56 |    90 |     4 ||   150
